 Dungeon Crawl Stone Soup version 0.18-a0-1584-g146024a (webtiles) character file.

294 Deemzul the Insei (level 6, -9/43 HPs)
             Began as an Octopode Monk on Mar 18, 2016.
             Mangled by Grinder (10 damage)
             ... on level 4 of the Dungeon.
             The game lasted 00:03:35 (2275 turns).

Deemzul the Insei (Octopode Monk)                   Turns: 2275, Time: 00:03:35

Health: -9/43      AC:  1    Str: 10    XL:     6   Next: 33%
Magic:  6/6        EV: 14    Int: 17    God:
Gold:   206        SH:  0    Dex: 17    Spells: 0 memorised, 5 levels left

rFire  . . .     SeeInvis .       - Unarmed
rCold  . . .     Gourm    .     (no shield)
rNeg   . . .     Faith    .     (helmet restricted)
rPois  .         Spirit   .     (no amulet)
rElec  .         Dismiss  .     h - +3 ring of slaying
rCorr  .         Reflect  .     (no ring)
SustAt .         Harm     .     (no ring)
MR     .....                    (no ring)
Stlth  ++++......               (no ring)
                                (no ring)
                                (no ring)
                                (no ring)

@: brilliant, lethally poisoned (-9 -> -11), not resistant to hostile
enchantments, stealthy
A: almost no armour, amphibious, 8 rings, constrict 8, camouflage 1, gelatinous
body 1
a: no special abilities


You were on level 4 of the Dungeon.
You were not hungry.

You visited 1 branch of the dungeon, and saw 4 of its levels.

You collected 206 gold pieces.

Inventory:

Jewellery
 h - a +3 ring of slaying (left tentacle)
 n - an uncursed ring of teleportation
Scrolls
 c - 3 scrolls of remove curse
 d - a scroll of immolation
 l - a scroll of identify
Potions
 b - a potion of flight
 k - a potion of magic
Comestibles
 a - 2 bread rations
 f - a slice of pizza
 g - 2 chunks of flesh
 i - a royal jelly
 j - a meat ration


   Skills:
 + Level 4.2 Fighting
 + Level 4.2 Dodging
 + Level 4.1 Stealth
 * Level 5.5 Unarmed Combat


You had 5 spell levels left.
You didn't know any spells.

Dungeon Overview and Level Annotations

Branches:
Dungeon (4/15)
 Temple: D:4-7

Altars:
Fedhas
Qazlal
Xom
Zin

Annotations:
D:4 Grinder


Innate Abilities, Weirdness & Mutations

You cannot wear most types of armour.
You are amphibious.
You can wear up to eight rings at the same time.
You can use your tentacles to constrict eight enemies at once.
Your skin changes colour to match your surroundings (Stealth).
Your rubbery body absorbs attacks (AC +1).


Message History

Unknown command.
Drink which item? (? for menu, Esc to quit)
Okay, then.
Unknown command.
You closely miss Grinder. You grab Grinder.
Grinder is moderately wounded.
You constrict Grinder, but do no damage.
Grinder barely misses you.
Unknown command.
Read which item? (? for menu, Esc to quit)
Okay, then.
Unknown command.
You aren't carrying any items that can be evoked.
Drink which item? (? for menu, Esc to quit)
Okay, then.
Unknown command.
You tentacle-slap Grinder.
Grinder is moderately wounded.
You constrict Grinder. Grinder hits you!
You die...

## #. #. ######## #.
####......#############.
......5@$......?........
.?..#..#...#### #######.
#. . #..#...## #. #.##
#.###...# #. #..#
..#(#...# #. ##..##
#.##.##..# #. #....#
..#...#..# #.
#....###.##...##.#######
#. #.#...#
.#.....#........ ..


You could see Grinder.

Vanquished Creatures
  A phantom (D:4)
  2 worker ants (D:4)
  Robin (D:4)
  6 adders
  3 worms
  3 dart slugs
  2 giant geckos (D:1)
  3 orcs
  6 giant cockroaches
  9 hobgoblins
  7 jackals
  A quokka (D:3)
  A ball python (D:1)
  10 bats
  2 giant newts (D:1)
  14 goblins
  A kobold (D:1)
  4 rats
76 creatures vanquished.

Notes
Turn   | Place    | Note
--------------------------------------------------------------
     0 | D:1      | Deemzul the Octopode Monk began the quest for the Orb.
     0 | D:1      | Reached XP level 1. HP: 16/16 MP: 1/1
    29 | D:1      | Reached XP level 2. HP: 21/21 MP: 2/2
   428 | D:1      | Reached XP level 3. HP: 26/26 MP: 3/3
   843 | D:2      | Found a blossoming altar of Fedhas.
   931 | D:2      | Reached XP level 4. HP: 22/32 MP: 4/4
   959 | D:2      | Found a shimmering altar of Xom.
  1714 | D:4      | Noticed Grinder
  1792 | D:4      | Noticed Robin
  1797 | D:4      | Reached XP level 5. HP: 37/37 MP: 5/5
  1812 | D:4      | Killed Robin
  1856 | D:4      | Found a stormy altar of Qazlal.
  1897 | D:4      | Reached skill level 5 in Unarmed Combat
  2211 | D:4      | Found a glowing silver altar of Zin.
  2235 | D:4      | Noticed a phantom
  2250 | D:4      | Killed a phantom
  2250 | D:4      | Reached XP level 6. HP: 39/43 MP: 6/6
  2262 | D:4      | Paralysed by Grinder for 6 turns
  2273 | D:4      | HP: 1/43 [Grinder (5)]
  2275 | D:4      | Mangled by Grinder

Vault maps used:
D:1:      erik_arrival_blinker_ship, wad_floor_pattern_1
D:2:      nicolae_overflow_hidden_temple, moated_statue
D:3:      wad_pebble_path
D:4:      zin_treasury, nicolae_qazlal_general_emergency, first_bread,
          minmay_unequal, uniq_duvessa, uniq_grinder, uniq_robin

Skill      XL: |  1  2  3  4  5 |
---------------+----------------+-----
Stealth        | 3 4 |  4.1
Fighting       | 4 |  4.2
Unarmed Combat | 5 |  5.5
Dodging        | 4 |  4.2

Action                   |  1- 3 |  4- 6 || total
-------------------------+-------+-------++-------
Melee: Unarmed           |    69 |    86 ||   155
  Use: Scroll            |       |     5 ||     5
       Potion            |       |     5 ||     5
 Stab: Sleeping          |    10 |     9 ||    19
  Eat: Chunk             |       |     4 ||     4
